 Dungeon Crawl Stone Soup version 0.29.1-1-gd02db6906a (webtiles) character file.

Game seed: 10134292021928281122

2414 mtoz the Digger (level 9, -1/45 HPs)
             Began as a Gargoyle Earth Elementalist on Oct 2, 2022.
             Was an Initiate of Hepliaklqana.
             Slain by a gnoll sergeant
             ... wielding a +4 spear of freezing
              (8 damage)
             ... on level 8 of the Dungeon.
             The game lasted 00:36:20 (8978 turns).

mtoz the Digger (Gargoyle Earth Elementalist)       Turns: 8978, Time: 00:36:21

Health: -1/45      AC: 13    Str: 14    XL:     9   Next: 47%
Magic:  16/16      EV: 13    Int: 18    God:    Hepliaklqana [......]
Gold:   532        SH:  0    Dex: 10    Spells: 8/18 levels left

rFire   + . .      SeeInvis +   (no weapon)
rCold   . . .      Faith    .   (no shield)
rNeg    + . .      Spirit   .   a - +0 robe
rPois   ∞          Reflect  .   e - +0 helmet
rElec   +          Harm     .   (no cloak)
rCorr   .          Rampage  .   n - +1 Delatra's gloves {ID++}
Will    .....                   f - +1 pair of boots
Stlth   +++.......              (no amulet)
HPRegen 0.15/turn               w - ring of see invisible
MPRegen 0.15/turn               x - ring of protection from fire

@: no status effects
A: sickness immunity, AC +6, negative energy resistance 1, electricity
resistance, torment resistance 1, petrification resistance
a: Renounce Religion


You were on level 8 of the Dungeon.
You worshipped Hepliaklqana.
Hepliaklqana was noncommittal.
You visited 2 branches of the dungeon, and saw 9 of its levels.
You also visited: Sewer and Ossuary.

You collected 532 gold pieces.

Inventory:

Armour
 a - a +0 robe (worn)
 e - a +0 helmet (worn)
 f - a +1 pair of boots (worn)
 n - the +1 Delatra's gloves (worn) {ID++}
   (You found it on level 2 of the Dungeon)

   It heals its wearer when they drink unknown potions.
   It restores its wearer's MP when they read unknown scrolls.
 r - a +1 leather armour of cold resistance
Jewellery
 w - a ring of see invisible (left hand)
 x - a ring of protection from fire (right hand)
Scrolls
 c - a scroll of torment
 d - 5 scrolls of identify
 g - 3 scrolls of enchant armour
 k - 2 scrolls of blinking
 m - 3 scrolls of enchant weapon
 o - 2 scrolls of poison
 p - 4 scrolls of vulnerability
 q - a scroll of amnesia
Potions
 b - a potion of magic
 h - 2 potions of berserk rage
 i - 3 potions of attraction
 j - 7 potions of flight
 l - a potion of mutation
 s - 2 potions of curing
 t - 2 potions of ambrosia


   Skills:
 + Level 4.5 Dodging
 + Level 6.5 Stealth
 + Level 5.1 Spellcasting
 + Level 1.6 Conjurations
 + Level 4.2 Transmutations
 + Level 7.2 Earth Magic
 + Level 3.5 Evocations


You had 8 spell levels left.
You knew the following spells:

 Your Spells              Type           Power      Damage    Failure   Level
a - Sandblast             Erth           60%        2d14      1%          1
b - Passwall              Tmut/Erth      20%        N/A       1%          2
c - Stone Arrow           Conj/Erth      40%        3d9       6%          3
d - Petrify               Tmut/Erth      25%        N/A       12%         4

Your spell library contained the following spells:

 Spells                   Type           Power      Damage    Failure   Level
 Dazzling Flash           Conj/Hex       14%        N/A       28%         3
 Frozen Ramparts          Ice            8%         1d2       36%         3
 Ice Form                 Ice/Tmut       12%        N/A       50%         4
 Summon Ice Beast         Ice/Summ       4%         N/A       78%         4
 Agony                    Necr           4%         N/A       98%         5
 Silence                  Hex/Air        2%         N/A       98%         5
 Malign Gateway           Summ/Tloc      2%         N/A       100%        7
 Summon Horrible Things   Summ           2%         N/A       100%        8


Dungeon Overview and Level Annotations

Branches:
Dungeon (8/15)             Temple (1/1) D:5           Sewer (visited)
Ossuary (visited)
   Lair: D:8-11

Altars:
Ashenzari
Cheibriados
Elyvilon
Fedhas
Gozag
Hepliaklqana
Kikubaaqudgha
Makhleb
Nemelex Xobeh
Qazlal
Ru
Sif Muna
Trog
Uskayaw
Wu Jian
Xom
Yredelemnul
Zin
The Shining One

Shops:
D:1 (((


Innate Abilities, Weirdness & Mutations

You are immune to sickness and miasma.
Your stone body is resilient. (AC +6)
You are immune to poison.
You resist negative energy. (rN+)
You are resistant to electric shocks. (rElec)
You are resistant to unholy torment.
You are immune to petrification.


Message History

Press: ? - help, Q - select action, (/) - cycle Shift-Dir - straight line, f/p - gnoll
Aim: a gnoll, wielding a +0 club (severely wounded, 86% to hit)
The blast of sand hits the gnoll!
You kill the gnoll!
The gnoll sergeant hits you but does no damage.
The gnoll sergeant hits you with a +4 spear of freezing.
The gnoll sergeant freezes you.
Aiming: Sandblast (safe; 1% risk of failure)
Press: ? - help, Q - select action, (/) - cycle Shift-Dir - straight line, f - gnoll sergeant
Aim: a gnoll sergeant, wielding a +4 spear of freezing, wearing a +0 ring mail and wearing a +0 buckler (88% to hit)
The gnoll sergeant blocks the blast of sand.
The gnoll sergeant barely misses you.
Aiming: Sandblast (safe; 1% risk of failure)
Press: ? - help, Q - select action, (/) - cycle Shift-Dir - straight line, f/p - gnoll sergeant
Aim: a gnoll sergeant, wielding a +4 spear of freezing, wearing a +0 ring mail and wearing a +0 buckler (88% to hit)
The blast of sand hits the gnoll sergeant.
The gnoll sergeant is lightly wounded.
The gnoll sergeant barely misses you. x2
Aiming: Sandblast (safe; 1% risk of failure)
Press: ? - help, Q - select action, (/) - cycle Shift-Dir - straight line, f/p - gnoll sergeant
Aim: a gnoll sergeant, wielding a +4 spear of freezing, wearing a +0 ring mail and wearing a +0 buckler (lightly wounded, 88% to hit)
The blast of sand hits the gnoll sergeant!
The gnoll sergeant is moderately wounded.
The gnoll sergeant hits you but does no damage.
Aiming: Sandblast (safe; 1% risk of failure)
Press: ? - help, Q - select action, (/) - cycle Shift-Dir - straight line, f/p - gnoll sergeant
Aim: a gnoll sergeant, wielding a +4 spear of freezing, wearing a +0 ring mail and wearing a +0 buckler (moderately wounded, 88% to hit)
The blast of sand hits the gnoll sergeant.
The gnoll sergeant is heavily wounded.
The gnoll sergeant hits you with a +4 spear of freezing.
* * * LOW HITPOINT WARNING * * *
The gnoll sergeant freezes you.
* * * LOW HITPOINT WARNING * * *
The gnoll sergeant hits you with a +4 spear of freezing.
* * * LOW HITPOINT WARNING * * *
The gnoll sergeant freezes you.
* * * LOW HITPOINT WARNING * * *
Magic courses through your body.
The gnoll sergeant hits you with a +4 spear of freezing!
You die...

#....##
......
....#
#...#
##...#
##....###
#.......##
#....@...#
#...g)#..#
#....## .#
#.### # #


You could see a gnoll sergeant.

Vanquished Creatures
  Sigmund (D:4)
  Eustachio (D:4)
  A water moccasin (D:7)
  3 ogres
  A phantom (D:5)
  5 scorpions
  6 water moccasin zombies (Ossuary)
  3 hounds
  3 orc priests
  A gnoll bouda (D:5)
  Jessica (D:3)
  5 iguanas
  8 orc wizards
  2 mummies (Ossuary)
  10 adders
  8 gnolls
  3 river rats (Sewer)
  A shadow imp (D:7)
  3 white imps
  An ufetubus (D:5)
  5 adder zombies (Ossuary)
  3 worms
  5 dart slugs
  35 orcs
  14 ball pythons
  14 bats
  6 endoplasms
  7 giant cockroaches
  5 gnoll zombies (Ossuary)
  11 goblins
  7 hobgoblins
  7 jackals
  8 quokkas
  7 frilled lizards
  A hobgoblin zombie (Ossuary)
  4 kobolds
  4 kobold zombies (Ossuary)
  An orc zombie (Ossuary)
  9 rats
220 creatures vanquished.

Vanquished Creatures (others)
  2 fungi (D:1)
  2 plants (D:1)
4 creatures vanquished.

Grand Total: 224 creatures vanquished

Notes
Turn   | Place    | Note
-------+----------+-------------------------------------------
     0 | D:1      | mtoz the Gargoyle Earth Elementalist began the quest for
                  | the Orb.
     0 | D:1      | Reached XP level 1. HP: 10/10 MP: 3/3
    38 | D:1      | Found Ilym's Antique Weapon Shop.
    40 | D:1      | Found Baes's Antique Weapon Boutique.
   127 | D:1      | Found Koxt's Antique Weapon Emporium.
   266 | D:1      | Reached skill level 1 in Transmutations
   266 | D:1      | Reached XP level 2. HP: 15/15 MP: 3/5
   421 | D:1      | Reached XP level 3. HP: 19/19 MP: 1/6
   579 | D:1      | Found a faded altar of an unknown god.
   582 | D:1      | Reached skill level 4 in Earth Magic
  1121 | D:2      | Reached XP level 4. HP: 24/24 MP: 3/7
  1704 | D:2      | Found the +1 Delatra's gloves {ID++}
  2083 | D:3      | Reached XP level 5. HP: 28/28 MP: 6/9
  2408 | D:3      | Found a broken altar of Ashenzari.
  2708 | D:3      | Noticed Jessica
  2711 | D:3      | Killed Jessica
  3098 | D:4      | Reached XP level 6. HP: 20/32 MP: 1/10
  3220 | D:4      | Noticed Sigmund
  3230 | D:4      | Killed Sigmund
  3231 | D:4      | Reached skill level 5 in Earth Magic
  3277 | D:4      | Found a glowing drain.
  3295 | D:4      | Reached XP level 7. HP: 28/36 MP: 2/12
  3370 | Sewer    | Entered a sewer
  4591 | D:4      | Reached skill level 1 in Evocations
  4639 | D:4      | Found a stormy altar of Qazlal.
  4777 | D:4      | Found a blossoming altar of Fedhas.
  5113 | D:4      | Noticed Eustachio
  5133 | D:4      | Killed Eustachio
  5134 | D:4      | Reached skill level 5 in Stealth
  5134 | D:4      | Reached XP level 8. HP: 37/41 MP: 6/14
  5259 | D:5      | Entered Level 5 of the Dungeon
  5405 | D:5      | Found a staircase to the Ecumenical Temple.
  5435 | D:5      | Reached skill level 6 in Earth Magic
  5561 | D:5      | Found a sand-covered staircase.
  5566 | Ossuary  | Entered an ossuary
  6655 | D:5      | Reached XP level 9. HP: 41/45 MP: 14/16
  6984 | D:5      | Learned a level 2 spell: Passwall
  6988 | D:5      | Learned a level 3 spell: Stone Arrow
  6993 | D:5      | Learned a level 4 spell: Petrify
  7511 | D:6      | Reached skill level 7 in Earth Magic
  7600 | D:6      | Reached skill level 1 in Conjurations
  7973 | D:7      | Reached skill level 5 in Spellcasting
  8297 | Temple   | Entered the Ecumenical Temple
  8427 | Temple   | Became a worshipper of Hepliaklqana the Forgotten
  8562 | D:7      | Identified the +4 sling of Qazlal, Flying {vorpal, Drain
                  | +Blink rN+ Int+3}
  8978 | D:8      | Slain by a gnoll sergeant

Illustrated notes

Levels and vault maps discovered:
D:1:      dpeg_arrival_shelter, layout_basic, serial_shops,
          nicolae_shop_waterfront, shop, shop_statue,
          shapermc_ecumenical_altar_rom_forum, minmay_tetromino_s4
D:2:      layout_loops_cross, pf_guarded_unrand_delatra
D:3:      minmay_wonky_spiral, layout_loops_corners, ashenzari_altar_1,
          uniq_jessica
D:4:      layout_basic, fedhas_altar_1, grunt_qazlal_clouds,
          cheibrodos_sewer_entry_drain, uniq_sigmund, uniq_eustachio
D:5:      layout_gridville, minmay_temple_entry_statues_pillars,
          enter_ossuary_2, dk_vineyard_2
D:6:      layout_loops_cross
D:7:      layout_basic, minmay_misc_feat_roman
D:8:      kennysheep_kobold_camp, layout_loops_ring, mainiacjoe_overflow_paths
Temple:   nicolae_temple_elliptical

Skill      XL: |  1  2  3  4  5  6  7  8  9 |
---------------+----------------------------+-----
Transmutations | 1 2 3 4 |  4.2
Earth Magic    | 4 5 6 7 |  7.2
Dodging        | 2 3 4 |  4.5
Stealth        | 3 4 5 6 |  6.5
Spellcasting   | 3 4 5 |  5.1
Evocations     | 1 2 3 |  3.5
Conjurations   | 1 |  1.6

Action                   |  1- 3 |  4- 6 |  7- 9 || total
-------------------------+-------+-------+-------++-------
Melee: Unarmed           |       |       |     1 ||     1
 Cast: Sandblast         |    48 |    87 |   294 ||   429
  Use: Scroll            |       |    10 |     5 ||    15
       Potion            |       |     1 |     7 ||     8
Armor: Robe              |    11 |    10 |    98 ||   119
Dodge: Dodged            |    12 |    14 |   127 ||   153
